AA
CLEBURNE RAILROADERS @ MEDFORD ALOUETTES
05/07/2080
 
TOP OF THE 1ST
North Division All-Stars batting - Pitching for South Division All-Stars : RHP Matt Cayton
Pitching: RHP Matt Cayton
Batting: RHB Jordan Montoya 0-0: Swinging Strike
0-1: Ball
1-1: Ball
2-1: Called Strike
2-2: Strikes out looking
Batting: RHB Salvador Musquiz 0-0: DOUBLE (Line Drive, 9LS, EV 100.0 MPH)
Batting: LHB Alfredo Soto 0-0: Called Strike
0-1: Ball
1-1: Called Strike
1-2: Strikes out swinging
Batting: LHB Tony Torres 0-0: Foul Ball, location: 2F
0-1: Ball
1-1: Fly out, F8 (Line Drive, 8LM, EV 103.8 MPH)
Top of the 1st over - 0 runs, 1 hit, 0 errors, 1 left on base; North Division 0 - South Division 0
BOTTOM OF THE 1ST
South Division All-Stars batting - Pitching for North Division All-Stars : RHP Guntur Paramita
Pitching: RHP Guntur Paramita
Batting: RHB Hedde Knoops 0-0: Called Strike
0-1: Fly out, F7 (Flyball, 7, EV 83.8 MPH)
Batting: RHB Steve Morrison 0-0: Called Strike
0-1: DOUBLE (Line Drive, 7LS, EV 95.0 MPH)
Batting: LHB Jesus Blanco 0-0: Called Strike
0-1: Ball
1-1: Foul Ball, location: 2F
1-2: Ball
2-2: Strikes out swinging
Batting: LHB Brennan Kovacik 0-0: Ball
1-0: Swinging Strike
1-1: Swinging Strike
1-2: SINGLE (Groundball, 4MD, EV 95.6 MPH)
Steve Morrison to third
Runner from 3rd tries for Home, SAFE, throw by CF to home
Batting: RHB Jeff Gradel 0-0: Ball
1-0: Ball
2-0: Fly out, F8 (Flyball, 8RS, EV 90.0 MPH)
Bottom of the 1st over - 1 run, 2 hits, 0 errors, 1 left on base; North Division 0 - South Division 1
TOP OF THE 2ND
North Division All-Stars batting - Pitching for South Division All-Stars : RHP Matt Cayton
Pitching: RHP Juan Diaz
Batting: LHB Chan-seok Chang 0-0: Called Strike
0-1: Ground out 5-3 (Groundball, 5, EV 97.5 MPH)
Batting: LHB Matt Grinberg 0-0: Foul Ball, location: 2F
0-1: Foul Ball, location: 2F
0-2: Fly out, F8 (Line Drive, 8LD, EV 89.4 MPH)
Batting: RHB Andy Robison 0-0: Foul Ball, location: 2F
0-1: Swinging Strike
0-2: Ball
1-2: Ball
2-2: Foul Ball, location: 2F
2-2: SOLO HOME RUN (Flyball, 89XD, EV 108.1 MPH), Distance : 404 ft
Batting: LHB Steven Hunt 0-0: Ball
1-0: Foul Ball, location: 2F
1-1: Foul Ball, location: 2F
1-2: Ball
2-2: Ball
3-2: Ground out 4-3 (Groundball, 4, EV 93.8 MPH)
Top of the 2nd over - 1 run, 1 hit, 0 errors, 0 left on base; North Division 1 - South Division 1
BOTTOM OF THE 2ND
South Division All-Stars batting - Pitching for North Division All-Stars : RHP Guntur Paramita
Pitching: RHP Brian Biggers
Batting: RHB Nick Mosley 0-0: Ball
1-0: Ball
2-0: Ball
3-0: Base on Balls
Batting: LHB Chris Christie 0-0: Ball
1-0: Ball
2-0: Ball
3-0: Called Strike
3-1: Fielders Choice at 2nd, 3-6 (Groundball, 34, EV 94.4 MPH)
Batting: RHB Dave Wooten 0-0: Called Strike
0-1: Called Strike
0-2: Grounds into double play, 1-4-3 (Groundball, P, EV 70.6 MPH)
Bottom of the 2nd over - 0 runs, 0 hits, 0 errors, 0 left on base; North Division 1 - South Division 1
TOP OF THE 3RD
North Division All-Stars batting - Pitching for South Division All-Stars : RHP Juan Diaz
Pitching: RHP Chris Glidden
Batting: RHB Andrew Mathis 0-0: Ball
1-0: Called Strike
1-1: Ground out 6-3 (Groundball, 6M, EV 100.6 MPH)
Batting: RHB Jordan Montoya 0-0: Called Strike
0-1: Ground out 3-1 (Groundball, 34, EV 105.0 MPH)
Batting: RHB Salvador Musquiz 0-0: Called Strike
0-1: Ball
1-1: Called Strike
1-2: Ball
2-2: Foul Ball, location: 2F
2-2: SINGLE (Flyball, 78M, EV 90.0 MPH)
Batting: LHB Alfredo Soto 0-0: Ball
Wild Pitch!
Salvador Musquiz to second
1-0: SINGLE (Line Drive, 3D, EV 100.0 MPH)
Salvador Musquiz to third
Runner from 3rd tries for Home, SAFE, throw by RF to home
Alfredo Soto to second
Batting: LHB Tony Torres 0-0: Ground out 6-3 (Groundball, 6, EV 103.8 MPH)
Top of the 3rd over - 1 run, 2 hits, 0 errors, 1 left on base; North Division 2 - South Division 1
BOTTOM OF THE 3RD
South Division All-Stars batting - Pitching for North Division All-Stars : RHP Brian Biggers
Pitching: RHP Wayne Rupe
Batting: SHB Matt Hester 0-0: Ball
1-0: Fly out, F8 (Line Drive, 8LD, EV 86.2 MPH)
Batting: RHB Hedde Knoops 0-0: Called Strike
0-1: Fly out, F9 (Flyball, 89S, EV 90.0 MPH)
Batting: RHB Steve Morrison 0-0: Ball
1-0: Called Strike
1-1: Ball
2-1: DOUBLE (Line Drive, 5D, EV 98.1 MPH)
Batting: LHB Jesus Blanco 0-0: Foul Ball, location: 2F
0-1: Ground out U3 (Groundball, 13, EV 84.4 MPH)
Bottom of the 3rd over - 0 runs, 1 hit, 0 errors, 1 left on base; North Division 2 - South Division 1
TOP OF THE 4TH
North Division All-Stars batting - Pitching for South Division All-Stars : RHP Chris Glidden
Pitching: RHP Danny Connon Jr.
Batting: LHB Chan-seok Chang 0-0: Ball
1-0: Foul Ball, location: 2F
1-1: Ball
2-1: Swinging Strike
2-2: Ball
3-2: Fly out, F7 (Flyball, 78S, EV 80.6 MPH)
Batting: LHB Matt Grinberg 0-0: Foul Ball, location: 2F
0-1: Ball
1-1: Foul Ball, location: 2F
1-2: Strikes out swinging
Batting: RHB Andy Robison 0-0: Swinging Strike
0-1: Called Strike
0-2: Ball
1-2: Strikes out swinging
Top of the 4th over - 0 runs, 0 hits, 0 errors, 0 left on base; North Division 2 - South Division 1
BOTTOM OF THE 4TH
South Division All-Stars batting - Pitching for North Division All-Stars : RHP Wayne Rupe
Pitching: RHP Alex Gandia
Batting: LHB Brennan Kovacik 0-0: Ball
1-0: Called Strike
1-1: Ball
2-1: Foul Ball, location: 2F
2-2: Strikes out swinging
Batting: RHB Jeff Gradel 0-0: Ball
1-0: Called Strike
1-1: Ball
2-1: Fly out, F8 (Flyball, 8RD, EV 92.5 MPH)
Batting: RHB Nick Mosley 0-0: Fly out, F8 (Line Drive, 8RM, EV 96.2 MPH)
Bottom of the 4th over - 0 runs, 0 hits, 0 errors, 0 left on base; North Division 2 - South Division 1
TOP OF THE 5TH
North Division All-Stars batting - Pitching for South Division All-Stars : RHP Danny Connon Jr.
Pitching: RHP Chris Coffey
Batting: LHB Steven Hunt 0-0: Ball
1-0: Ground out 4-3 (Groundball, 4, EV 90.0 MPH)
Batting: RHB Andrew Mathis 0-0: Ball
1-0: Ball
2-0: Foul Ball, location: 2F
2-1: Foul Ball, location: 2F
2-2: Foul Ball, location: 2F
2-2: Strikes out looking
Batting: RHB Jordan Montoya 0-0: Called Strike
0-1: Ball
1-1: Called Strike
1-2: Strikes out swinging
Top of the 5th over - 0 runs, 0 hits, 0 errors, 0 left on base; North Division 2 - South Division 1
BOTTOM OF THE 5TH
South Division All-Stars batting - Pitching for North Division All-Stars : RHP Alex Gandia
Pitching: RHP John Eden
Batting: LHB Chris Christie 0-0: Ball
1-0: Ball
2-0: Ground out 3-1 (Groundball, 34S, EV 89.4 MPH)
Batting: RHB Dave Wooten 0-0: Called Strike
0-1: Ball
1-1: Foul Ball, location: 2F
1-2: Fly out, F8 (Line Drive, 8LD, EV 103.1 MPH)
Batting: SHB Matt Hester 0-0: Ball
1-0: Foul Ball, location: 2F
1-1: Ball
2-1: Foul Ball, location: 2F
2-2: Strikes out looking
Bottom of the 5th over - 0 runs, 0 hits, 0 errors, 0 left on base; North Division 2 - South Division 1
TOP OF THE 6TH
North Division All-Stars batting - Pitching for South Division All-Stars : RHP Chris Coffey
Pitching: RHP Victor Garcia
Batting: RHB Salvador Musquiz 0-0: Ball
1-0: Called Strike
1-1: Swinging Strike
1-2: Strikes out looking
Pinch Hitting: RHB Cho-rin Hyong 0-0: Foul Ball, location: 2F
0-1: Swinging Strike
0-2: Strikes out looking
Batting: LHB Tony Torres 0-0: SOLO HOME RUN (Flyball, 9D, EV 98.1 MPH), Distance : 373 ft
Pinch Hitting: RHB Steve Stiles 0-0: Called Strike
0-1: Ball
1-1: Ball
2-1: Ground out 5-3 (Groundball, 5L, EV 103.1 MPH)
Top of the 6th over - 1 run, 1 hit, 0 errors, 0 left on base; North Division 3 - South Division 1
BOTTOM OF THE 6TH
South Division All-Stars batting - Pitching for North Division All-Stars : RHP John Eden
Pitching: RHP Joey Sammis
Now in LF: Steve Stiles
Now in RF: Cho-rin Hyong
Batting: RHB Hedde Knoops 0-0: Ball
1-0: Ball
2-0: DOUBLE (Line Drive, 89D, EV 104.4 MPH)
Pinch Hitting: LHB Danny Ledesma 0-0: Ground out U3 (Groundball, 23, EV 90.0 MPH)
Hedde Knoops to third
Batting: RHB Ruben Reyes 0-0: Hit by Pitch
Pinch Hitting: LHB Luis Rivera 0-0: Ball
1-0: Ball
2-0: Called Strike
2-1: Fly out, F8 (Flyball, 89M, EV 95.6 MPH)
Runner from 3rd tags up, SCORES, no throw by CF
Batting: RHB Jeff Gradel 0-0: Ball
1-0: Ball
2-0: Called Strike
2-1: Foul Ball, location: 2F
2-2: Foul Ball, location: 2F
2-2: Foul Ball, location: 2F
2-2: Ball
3-2: Fly out, F8 (Flyball, 8LXD, EV 98.8 MPH)
Bottom of the 6th over - 1 run, 1 hit, 0 errors, 1 left on base; North Division 3 - South Division 2
TOP OF THE 7TH
North Division All-Stars batting - Pitching for South Division All-Stars : RHP Victor Garcia
Now at 1B: Luis Rivera
Now in CF: Danny Ledesma
Batting: LHB Matt Grinberg 0-0: Called Strike
0-1: Ball
1-1: Ball
2-1: Called Strike
2-2: Foul Ball, location: 2F
2-2: Ball
3-2: Strikes out swinging
Batting: RHB Jeff Haines 0-0: Ball
1-0: Swinging Strike
1-1: Ball
2-1: Swinging Strike
2-2: Strikes out looking
Batting: LHB Steven Hunt 0-0: Ball
1-0: Ball
2-0: Called Strike
2-1: Ground out 3-1 (Groundball, 34, EV 109.4 MPH)
Top of the 7th over - 0 runs, 0 hits, 0 errors, 0 left on base; North Division 3 - South Division 2
BOTTOM OF THE 7TH
South Division All-Stars batting - Pitching for North Division All-Stars : RHP Joey Sammis
Batting: RHB Nick Mosley 0-0: SOLO HOME RUN (Flyball, 7D, EV 101.2 MPH), Distance : 415 ft
Batting: LHB Chris Christie 0-0: Ball
1-0: Ball
2-0: Ball
3-0: Base on Balls
Pinch Hitting: RHB Roberto Rivas 0-0: Foul Ball, location: 2F
0-1: Swinging Strike
0-2: Strikes out swinging
Batting: SHB Matt Hester 0-0: Ball
1-0: Fly out, F4 (Line Drive, 4, EV 70.6 MPH)
Batting: RHB Hedde Knoops 0-0: Ball
1-0: Called Strike
1-1: Fielders Choice at 2nd, 6-4 (Groundball, 6, EV 101.9 MPH)
Bottom of the 7th over - 1 run, 1 hit, 0 errors, 1 left on base; North Division 3 - South Division 3
TOP OF THE 8TH
North Division All-Stars batting - Pitching for South Division All-Stars : RHP Victor Garcia
Pitching: RHP Keagan Gaudet
Now at C: Roberto Rivas
Batting: RHB Andrew Mathis 0-0: Called Strike
0-1: Ball
1-1: Ball
2-1: Foul Ball, location: 2F
2-2: Ball
3-2: Fly out, F9 (Flyball, 9, EV 90.6 MPH)
Batting: RHB Jordan Montoya 0-0: Foul Ball, location: 2F
0-1: Ball
1-1: SINGLE (Line Drive, 4M, EV 93.8 MPH)
Batting: RHB Salvador Musquiz 0-0: Fly out, F7 (Line Drive, 7, EV 95.0 MPH)
Batting: RHB Cho-rin Hyong 0-0: Ball
1-0: Ball
2-0: Foul Ball, location: 2F
2-1: Swinging Strike
2-2: Ball
3-2: Foul Ball, location: 2F
3-2: Base on Balls
Jordan Montoya to second
Batting: LHB Tony Torres 0-0: Swinging Strike
0-1: SINGLE (Line Drive, 78S, EV 98.1 MPH)
Jordan Montoya to third
Cho-rin Hyong to second
Runner from 3rd tries for Home, SAFE, throw by LF to home
Pitching: LHP Bobby LaPlante
Batting: RHB Steve Stiles 0-0: Called Strike
0-1: Ball
1-1: Foul Ball, location: 2F
1-2: Ball
2-2: Foul Ball, location: 2F
2-2: SINGLE (Line Drive, 6D, EV 102.5 MPH)
Cho-rin Hyong to third
Tony Torres to second
Batting: LHB Matt Grinberg 0-0: Called Strike
0-1: Fly out, F8 (Line Drive, 8LM, EV 92.5 MPH)
Top of the 8th over - 1 run, 3 hits, 0 errors, 3 left on base; North Division 4 - South Division 3
BOTTOM OF THE 8TH
South Division All-Stars batting - Pitching for North Division All-Stars : RHP Joey Sammis
Batting: LHB Danny Ledesma 0-0: Ball
1-0: Called Strike
1-1: Foul Ball, location: 2F
1-2: Ground out 3-1 (Groundball, 34S, EV 87.5 MPH)
Batting: RHB Ruben Reyes 0-0: Foul Ball, location: 2F
0-1: Foul Ball, location: 2F
0-2: Ball
1-2: Fly out, F8 (Flyball, 8LD, EV 103.1 MPH)
Pitching: RHP Ismael Gomez
Batting: LHB Luis Rivera 0-0: Foul Ball, location: 2F
0-1: Called Strike
0-2: Ball
1-2: Ball
2-2: Foul Ball, location: 2F
2-2: Strikes out swinging
Bottom of the 8th over - 0 runs, 0 hits, 0 errors, 0 left on base; North Division 4 - South Division 3
TOP OF THE 9TH
North Division All-Stars batting - Pitching for South Division All-Stars : LHP Bobby LaPlante
Batting: RHB Jeff Haines 0-0: Ball
1-0: Called Strike
1-1: Ball
2-1: Fly out, F3 (Flyball, 3D, EV 85.6 MPH)
Batting: LHB Steven Hunt 0-0: Called Strike
0-1: Called Strike
0-2: Foul Ball, location: 2F
0-2: Strikes out swinging
Pinch Hitting: RHB Victor Chalco 0-0: Ball
1-0: Called Strike
1-1: Ball
2-1: Ball
3-1: Foul Ball, location: 2F
3-2: Base on Balls
Batting: RHB Jordan Montoya 0-0: Called Strike
0-1: Foul Ball, location: 2F
0-2: Ball
1-2: Strikes out swinging
Top of the 9th over - 0 runs, 0 hits, 0 errors, 1 left on base; North Division 4 - South Division 3
BOTTOM OF THE 9TH
South Division All-Stars batting - Pitching for North Division All-Stars : RHP Ismael Gomez
Now at C: Victor Chalco
Batting: RHB Jeff Gradel 0-0: Ball
1-0: Ground out 6-3 (Groundball, 6, EV 106.2 MPH)
Batting: RHB Nick Mosley 0-0: Called Strike
0-1: Ball
1-1: Ball
2-1: SINGLE (Line Drive, 8LS, EV 98.8 MPH)
Batting: LHB Chris Christie 0-0: Foul Ball, location: 2F
0-1: Swinging Strike
0-2: Ball
1-2: Strikes out looking
Batting: RHB Roberto Rivas 0-0: Called Strike
0-1: Ball
1-1: Called Strike
1-2: Fly out, F7 (Flyball, 7, EV 93.1 MPH)
Bottom of the 9th over - 0 runs, 1 hit, 0 errors, 1 left on base; North Division 4 - South Division 3
Sunday, July 17th , 2022 - OOTP Baseball 23.5 Build 73